[Event "EOC-ch Playoff-A 2021"]
[Site "Online"]
[Date "2021.03.29"]
[Round "1.3"]
[White "Timofeev, Artyom"]
[Black "Engel, Luis"]
[Result "1-0"]
[ECO "E05"]
[WhiteElo "2594"]
[BlackElo "2553"]
[Annotator "ChessBase"]
[PlyCount "129"]
[EventDate "2021.03.29"]
[EventType "team-tourn"]
[EventCountry "NET"]
[SourceTitle "playchess.com"]
[Source "ChessBase"]
[SourceQuality "1"]
[TimeControl "900+5"]

1. d4 Nf6 2. c4 e6 3. g3 d5 4. Bg2 Be7 5. Nf3 O-O 6. O-O dxc4 7. Ne5 Nc6 8. Nxc6 bxc6 9. Bxc6 Rb8 10. Nc3 Bb7 11. Bxb7 Rxb7 12. b3 cxb3 13. axb3 c5 14. dxc5 Bxc5 15. Na4 Bd4 16. Bb2 Bxb2 17. Nxb2 Qb8 18. Ra3 Rd8 19. Qc2 h5 20. Nc4 h4 21. Kg2 Rb5 22. Rd1 hxg3 23. hxg3 Rxd1 24. Qxd1 Rd5 25. Qc1 Rf5 26. Ne3 Qb7+ 27. f3 Rb5 28. Qc3 e5 29. Nf5 Qd7 30. Qc8+ Qxc8 31. Ne7+ Kf8 32. Nxc8 a5 33. Nd6 Rb4 34. Rxa5 Rxb3 35. Rxe5 Rb6 36. Nc4 Rc6 37. Ne3 Nd7 38. Rb5 g6 39. Kf2 Kg7 40. g4 Re6 41. Rb7 Nf8 42. g5 Rc6 43. Ng4 Rc5 44. f4 Ne6 45. e3 Rc7 46. Rb8 Rc5 47. Nf6 Nxg5 48. Ne8+ Kf8 49. fxg5 Rxg5 50. Nf6+ Kg7 51. Ne4 Re5 52. Kf3 Ra5 53. Rb7 Rf5+ 54. Ke2 g5 55. Ng3 Re5 56. Kf3 Kg6 57. e4 Ra5 58. Rb6+ f6 59. Nf5 Ra3+ 60. Kg4 Ra4 61. Re6 Kf7 62. Re7+ Kf8 63. Kh5 Ra5 64. Kg6 Rxf5 65. Rf7+ 1-0

[Event "EOC-ch Playoff-A 2021"]
[Site "Online"]
[Date "2021.03.29"]
[Round "1.4"]
[White "Heinemann, Thies"]
[Black "Sharafiev, Azat"]
[Result "0-1"]
[ECO "C65"]
[WhiteElo "2502"]
[BlackElo "2432"]
[Annotator "ChessBase"]
[PlyCount "90"]
[EventDate "2021.03.29"]
[EventType "team-tourn"]
[EventCountry "NET"]
[SourceTitle "playchess.com"]
[Source "ChessBase"]
[SourceQuality "1"]
[TimeControl "900+5"]

1. e4 e5 2. Nf3 Nc6 3. Bb5 Nf6 4. Qe2 Bc5 5. d3 d6 6. Nbd2 O-O 7. c3 Ne7 8. d4 exd4 9. cxd4 Bb6 10. d5 Nexd5 11. exd5 c6 12. O-O Re8 13. Qd3 cxb5 14. Qxb5 Bg4 15. b3 a6 16. Qd3 Qd7 17. Nc4 Bc5 18. b4 b5 19. bxc5 bxc4 20. Qxc4 Bxf3 21. gxf3 dxc5 22. Qxc5 Qh3 23. Bg5 Re5 24. Bf4 Rxd5 25. Qc6 Rad8 26. Rfe1 Qxf3 27. Bg3 h5 28. Rac1 a5 29. Qc3 Qg4 30. Qc4 Rd4 31. Qe2 h4 32. Qxg4 Rxg4 33. Rc5 hxg3 34. hxg3 a4 35. Re2 Rgd4 36. Ra5 g6 37. Kg2 R8d7 38. Ra6 Kg7 39. Re3 Rc7 40. Ra3 Rcc4 41. Ra7 Nd5 42. Rf3 Rc7 43. Ra5 Nc3 44. a3 Rd2 45. Ra6 Ra2 0-1

[Event "EOC-ch Playoff-A 2021"]
[Site "Online"]
[Date "2021.03.29"]
[Round "1.7"]
[White "Hamdouchi, Hicham"]
[Black "Steinberg, Nitzan"]
[Result "1-0"]
[ECO "B50"]
[WhiteElo "2561"]
[BlackElo "2553"]
[Annotator "ChessBase"]
[PlyCount "119"]
[EventDate "2021.03.29"]
[EventType "team-tourn"]
[EventCountry "NET"]
[SourceTitle "playchess.com"]
[Source "ChessBase"]
[SourceQuality "1"]
[TimeControl "900+5"]

1. e4 c5 2. Nf3 d6 3. Bc4 e6 4. d3 Nc6 5. Bb3 Nf6 6. O-O Be7 7. c3 O-O 8. Re1 b5 9. d4 Bb7 10. a3 Rc8 11. Bc2 e5 12. d5 Na5 13. b3 Nd7 14. Nbd2 Nb6 15. Qe2 a6 16. c4 Qd7 17. Rb1 Rb8 18. Bb2 Bc8 19. Bc3 Nb7 20. cxb5 axb5 21. Bd3 f5 22. Bxb5 Qc7 23. Bc4 Kh8 24. exf5 Bxf5 25. Rb2 Ra8 26. a4 Na5 27. Bxa5 Rxa5 28. Qe3 Qb7 29. Qc3 Raa8 30. Ne4 Nxd5 31. Nxc5 dxc5 32. Qxe5 Bf6 33. Qxf5 Bxb2 34. Bxd5 Qb4 35. Qb1 Rae8 36. Rxe8 Rxe8 37. g3 Bf6 38. Qf5 Qc3 39. Kg2 Rd8 40. Be4 g6 41. Qe6 Kg7 42. h4 Qa5 43. h5 Qc7 44. h6+ Kxh6 45. Qxf6 Qd6 46. Qxd6 Rxd6 47. Ne5 Kg7 48. Nc4 Rd1 49. a5 Ra1 50. Bb7 Kf6 51. a6 Ke7 52. Nb6 Kd8 53. Na4 Kc7 54. Nxc5 Ra3 55. b4 Kb6 56. Nd7+ Kb5 57. Ne5 g5 58. g4 h6 59. Nf7 Kxb4 60. Nxh6 1-0

[Event "EOC-ch Playoff-A 2021"]
[Site "Online"]
[Date "2021.03.29"]
[Round "1.8"]
[White "Huzman, Alexander"]
[Black "Delorme, Axel"]
[Result "1-0"]
[ECO "C00"]
[WhiteElo "2561"]
[BlackElo "2480"]
[Annotator "ChessBase"]
[PlyCount "71"]
[EventDate "2021.03.29"]
[EventType "team-tourn"]
[EventCountry "NET"]
[SourceTitle "playchess.com"]
[Source "ChessBase"]
[SourceQuality "1"]
[TimeControl "900+5"]

1. Nf3 d5 2. g3 Nf6 3. Bg2 e6 4. O-O Be7 5. d3 O-O 6. Nbd2 c5 7. e4 Nc6 8. Re1 b5 9. exd5 exd5 10. Nb3 Be6 11. Bf4 Rc8 12. h3 d4 13. a4 a6 14. axb5 axb5 15. Ne5 Nxe5 16. Bxe5 Nd5 17. g4 Bd6 18. Qd2 Bxe5 19. Rxe5 Qd6 20. Rae1 Nb6 21. Qa5 Bd7 22. Qa6 Rfe8 23. Rxe8+ Rxe8 24. Rxe8+ Bxe8 25. Nd2 Kf8 26. Ne4 Qc7 27. Qa3 Na4 28. b4 c4 29. Nc5 c3 30. Nxa4 bxa4 31. b5+ Qe7 32. Qxa4 Qc5 33. Bc6 Bxc6 34. bxc6 Qb6 35. Qa8+ Ke7 36. Qb7+ 1-0

[Event "EOC-ch Playoff-A 2021"]
[Site "Online"]
[Date "2021.03.29"]
[Round "1.12"]
[White "Buhmann, Rainer"]
[Black "Wieczorek, Oskar"]
[Result "1/2-1/2"]
[ECO "E61"]
[WhiteElo "2580"]
[BlackElo "2498"]
[Annotator "ChessBase"]
[PlyCount "168"]
[EventDate "2021.03.29"]
[EventType "team-tourn"]
[EventCountry "NET"]
[SourceTitle "playchess.com"]
[Source "ChessBase"]
[SourceQuality "1"]
[TimeControl "900+5"]

1. d4 Nf6 2. Nf3 g6 3. c4 Bg7 4. e3 O-O 5. Be2 c5 6. d5 d6 7. Nc3 e6 8. O-O exd5 9. cxd5 Re8 10. Nd2 Na6 11. Nc4 Nc7 12. a4 b6 13. f3 Ba6 14. e4 Rb8 15. Bg5 Bxc4 16. Bxc4 a6 17. Qe2 Qc8 18. Rab1 Nd7 19. f4 Qb7 20. Qg4 Qc8 21. e5 b5 22. exd6 bxc4 23. dxc7 Qxc7 24. f5 Bd4+ 25. Kh1 Ne5 26. Qg3 Qd7 27. Ne4 Nd3 28. Nf6+ Bxf6 29. Bxf6 Qxd5 30. Bc3 Rb7 31. Qh4 Re2 32. Rf3 Ne5 33. Qf6 Rd7 34. fxg6 hxg6 35. Rbf1 Qd6 36. Qh4 f5 37. Rh3 Rg7 38. Qh8+ Kf7 39. Qa8 Qc6 40. Qxc6 Nxc6 41. Bxg7 Kxg7 42. Rc3 Ne5 43. Rb1 Kf6 44. Kg1 f4 45. h3 g5 46. Kf1 Rd2 47. a5 Kf5 48. b3 Ra2 49. bxc4 Rxa5 50. Re1 Ra4 51. Rc2 Nxc4 52. Kf2 Kf6 53. g3 fxg3+ 54. Kxg3 Ra3+ 55. Kf2 Ne5 56. Re3 Ra5 57. Kg3 c4 58. h4 gxh4+ 59. Kxh4 Rd5 60. Kg3 Rd3 61. Kf4 Rxe3 62. Kxe3 Kf5 63. Kd4 Nf3+ 64. Kxc4 Ne5+ 65. Kd5 Nf3 66. Ra2 Kf4 67. Rxa6 Ke3 68. Ra3+ Kf4 69. Ra4+ Ke3 70. Re4+ Kd3 71. Re8 Nd2 72. Ra8 Ke3 73. Ra3+ Kf4 74. Ra4+ Ke3 75. Rh4 Nf3 76. Re4+ Kd3 77. Re7 Nd2 78. Ra7 Ke3 79. Ra2 Nf3 80. Ra3+ Kf4 81. Rd3 Ng5 82. Rd1 Nf3 83. Rd3 Ng5 84. Ra3 Nf3 1/2-1/2

[Event "EOC-ch Playoff-A 2021"]
[Site "Online"]
[Date "2021.03.29"]
[Round "2.3"]
[White "Engel, Luis"]
[Black "Wagner, Dennis"]
[Result "1-0"]
[ECO "C77"]
[WhiteElo "2553"]
[BlackElo "2581"]
[Annotator "ChessBase"]
[PlyCount "69"]
[EventDate "2021.03.29"]
[EventType "team-tourn"]
[EventCountry "NET"]
[SourceTitle "playchess.com"]
[Source "ChessBase"]
[SourceQuality "1"]
[TimeControl "900+5"]

1. e4 e5 2. Nf3 Nc6 3. Bb5 a6 4. Ba4 Nf6 5. d3 b5 6. Bb3 Be7 7. a4 b4 8. Nbd2 d6 9. Nc4 O-O 10. h3 Rb8 11. O-O h6 12. Re1 Be6 13. Be3 Nd7 14. a5 Bf6 15. Ba4 Ne7 16. Qd2 Bxc4 17. dxc4 Nc5 18. Bxc5 dxc5 19. Qe3 Ng6 20. Rad1 Qe7 21. Rd7 Qe6 22. Qxc5 Be7 23. Qxc7 Rfc8 24. Rxe7 Rxc7 25. Rxc7 Nf4 26. Rc6 Qd7 27. c5 Rc8 28. Nxe5 Qd8 29. Rxc8 Qxc8 30. c6 Qd8 31. Nd3 Qxa5 32. Nxf4 Qxa4 33. c7 Qxc2 34. Nd5 Kf8 35. Nc3 1-0

[Event "EOC-ch Playoff-A 2021"]
[Site "Online"]
[Date "2021.03.29"]
[Round "2.8"]
[White "Wieczorek, Oskar"]
[Black "Huzman, Alexander"]
[Result "1/2-1/2"]
[ECO "C07"]
[WhiteElo "2498"]
[BlackElo "2561"]
[Annotator "ChessBase"]
[PlyCount "105"]
[EventDate "2021.03.29"]
[EventType "team-tourn"]
[EventCountry "NET"]
[SourceTitle "playchess.com"]
[Source "ChessBase"]
[SourceQuality "1"]
[TimeControl "900+5"]

1. e4 e6 2. d4 d5 3. Nd2 c5 4. exd5 Qxd5 5. dxc5 Qxc5 6. Ngf3 Nf6 7. Bd3 Nbd7 8. O-O Qc7 9. Nb3 Be7 10. Qe2 O-O 11. Bg5 b6 12. Rfe1 Bb7 13. Rad1 a6 14. Bh4 Bd6 15. Bg3 Bxg3 16. hxg3 Rfe8 17. Ne5 Nxe5 18. Qxe5 Qxe5 19. Rxe5 Red8 20. Ree1 Kf8 21. f3 h5 22. c3 Bd5 23. Nd4 b5 24. a3 Nd7 25. Kf2 Nb6 26. Rd2 Rac8 27. Red1 Ke7 28. Re1 g6 29. f4 Kf6 30. Be2 Bc4 31. Bf3 Bd5 32. Be2 Na4 33. Bd1 Nc5 34. Bc2 Nb7 35. Bd3 Nd6 36. Ree2 Bb7 37. Re1 Rc5 38. Red1 g5 39. Nf3 gxf4 40. gxf4 Bxf3 41. Kxf3 Rd5 42. Be2 Nc4 43. Rxd5 Rxd5 44. Rxd5 exd5 45. Bxc4 bxc4 46. g4 Kg6 47. Kg3 hxg4 48. Kxg4 f5+ 49. Kh4 Kh6 50. Kg3 Kg6 51. Kh4 Kh6 52. Kg3 Kg6 53. Kh4 1/2-1/2

[Event "EOC-ch Playoff-A 2021"]
[Site "Online"]
[Date "2021.03.29"]
[Round "2.10"]
[White "Amin, Bassem"]
[Black "Kamsky, Gata"]
[Result "0-1"]
[ECO "B06"]
[WhiteElo "2695"]
[BlackElo "2665"]
[Annotator "RC"]
[PlyCount "150"]
[EventDate "2021.03.29"]
[EventType "team-tourn"]
[EventCountry "NET"]
[SourceTitle "playchess.com"]
[Source "ChessBase"]
[SourceQuality "1"]
[TimeControl "900+5"]

1. e4 g6 2. d4 Bg7 3. Nf3 c6 4. h3 d5 5. e5 f6 6. exf6 exf6 7. Bd3 Ne7 8. O-O O-O 9. Re1 Bf5 10. Bf4 Rf7 11. Nc3 Bxd3 12. Qxd3 Nd7 13. Re2 Nf8 14. Rae1 Nf5 15. Na4 b6 16. c4 Bh6 17. Bxh6 Nxh6 18. Nc3 Qd7 19. cxd5 cxd5 20. Qb5 Qxb5 21. Nxb5 Rd7 22. Re8 Rxe8 23. Rxe8 a6 24. Nc3 b5 25. Rc8 Rd6 26. Rc5 Kf7 27. Rxd5 Nf5 28. Rxd6 Nxd6 29. Kf1 Ne6 30. g3 Nc7 31. Ke2 a5 32. Kd3 Ke6 33. d5+ Kd7 34. Kd4 Na6 35. Nd2 Nf5+ 36. Ke4 Nc5+ 37. Kf3 Nd4+ 38. Ke3 Nf5+ 39. Ke2 Nd4+ 40. Kf1 f5 41. b3 Kd6 42. a4 Ndxb3 43. Nxb3 Nxb3 44. axb5 Kc5 45. Ke2 Nd4+ 46. Ke3 Nxb5 47. Na4+ Kxd5 48. Kf4 Ke6 49. Kg5 Kf7 50. Kh6 Kg8 51. g4 Nd6 52. Kg5 Kg7 53. f3 h6+ 54. Kf4 Kf6 55. Nb6 g5+ 56. Ke3 Ke5 57. Nd7+ Kd5 58. Nb6+ Kc6 59. Na4 Kb5 60. Nc3+ Kc4 61. Na4 f4+ 62. Kd2 Kd4 63. Ke2 Nc4 64. Kf2 Ne5 65. Ke2 Nd3 66. Kd2 Nc5 67. Nc3 Kc4 68. Kc2 Ne6 69. Ne4 Nd4+ 70. Kd1 Nxf3 71. Nd6+ Kd3 72. Nf7 a4 73. Nxh6 a3 74. Kc1 Nd4 75. Nf7 f3 0-1

[Event "EOC-ch Playoff-A 2021"]
[Site "Online"]
[Date "2021.03.29"]
[Round "2.11"]
[White "Timofeev, Artyom"]
[Black "Van Wely, Loek"]
[Result "1/2-1/2"]
[ECO "D83"]
[WhiteElo "2594"]
[BlackElo "2620"]
[Annotator "RC"]
[PlyCount "111"]
[EventDate "2021.03.29"]
[EventType "team-tourn"]
[EventCountry "NET"]
[SourceTitle "playchess.com"]
[Source "ChessBase"]
[SourceQuality "1"]
[TimeControl "900+5"]

1. d4 Nf6 2. c4 g6 3. Nc3 d5 4. Bf4 Bg7 5. e3 O-O 6. Rc1 Be6 7. cxd5 Nxd5 8. Nxd5 Qxd5 9. b3 c6 10. Nf3 Nd7 11. Bc4 Qf5 12. Bd3 Qh5 13. Ng5 Qxd1+ 14. Kxd1 Bf5 15. Bxf5 gxf5 16. Nf3 Nf6 17. Ke2 Nd5 18. Bg3 Rad8 19. Bh4 Rd6 20. h3 Re6 21. Ng5 Rg6 22. Rhg1 Re8 23. Nf3 e5 24. dxe5 Bxe5 25. Nxe5 Rxe5 26. Kf3 f6 27. Rc4 Kf7 28. Bg3 Re7 29. a4 Ke6 30. Rd1 a6 31. Rh4 Kd7 32. b4 b5 33. axb5 axb5 34. Ra1 Rgg7 35. Ra6 Rgf7 36. Rd4 Re6 37. Bh2 Rfe7 38. g4 Re4 39. Ra7+ Ke8 40. Rxe7+ Kxe7 41. Rxe4+ fxe4+ 42. Kxe4 Nxb4 43. Kd4 c5+ 44. Kxc5 Nd3+ 45. Kxb5 Nxf2 46. Kc4 Nxh3 47. Bg3 Kf7 48. Kd3 Kg6 49. Bh4 f5 50. gxf5+ Kxf5 51. e4+ Kg4 52. Be7 Nf2+ 53. Ke3 Nxe4 54. Kxe4 h5 55. Bd8 h4 56. Bxh4 1/2-1/2

[Event "EOC-ch Playoff-A 2021"]
[Site "Online"]
[Date "2021.03.29"]
[Round "2.12"]
[White "Hamdouchi, Hicham"]
[Black "Sharafiev, Azat"]
[Result "1/2-1/2"]
[ECO "B30"]
[WhiteElo "2561"]
[BlackElo "2432"]
[Annotator "ChessBase"]
[PlyCount "37"]
[EventDate "2021.03.29"]
[EventType "team-tourn"]
[EventCountry "NET"]
[SourceTitle "playchess.com"]
[Source "ChessBase"]
[SourceQuality "1"]
[TimeControl "900+5"]

1. e4 c5 2. Nc3 Nc6 3. Bb5 Nd4 4. Bc4 e6 5. Nf3 Nf6 6. O-O a6 7. d3 b5 8. Bb3 Nxb3 9. axb3 Bb7 10. e5 Nd5 11. Ne4 Be7 12. c4 Nb4 13. Be3 Qc7 14. cxb5 axb5 15. Rc1 Na2 16. Rc2 Nb4 17. Rc1 Na2 18. Rc2 Nb4 19. Rc1 1/2-1/2

[Event "EOC-ch Playoff-A 2021"]
[Site "Online"]
[Date "2021.03.29"]
[Round "3.5"]
[White "Bartel, Mateusz"]
[Black "Artemiev, Vladislav"]
[Result "0-1"]
[ECO "C77"]
[WhiteElo "2635"]
[BlackElo "2709"]
[Annotator "RC"]
[PlyCount "54"]
[EventDate "2021.03.29"]
[EventType "team-tourn"]
[EventCountry "NET"]
[SourceTitle "playchess.com"]
[Source "ChessBase"]
[SourceQuality "1"]
[TimeControl "900+5"]

1. e4 e5 2. Nf3 Nc6 3. Bb5 a6 4. Ba4 Nf6 5. Nc3 Bc5 6. Bxc6 dxc6 7. d3 Qe7 8. h3 h6 9. Be3 Bd6 10. O-O c5 11. Nd2 g5 12. Nc4 Be6 13. Nxd6+ cxd6 14. Ne2 g4 15. h4 Nh5 16. g3 f5 17. exf5 Bd5 18. Nc3 Bf3 19. Qd2 Ng7 20. Bxh6 Nxf5 21. Bg5 Nxh4 22. Bxe7 Nf5 23. Bh4 Nxh4 24. Qg5 Nf5 25. Qg6+ Kd8 26. Qf6+ Kc7 27. Nd5+ Kc6 0-1

[Event "EOC-ch Playoff-A 2021"]
[Site "Online"]
[Date "2021.03.29"]
[Round "3.7"]
[White "Mastrovasilis, Dimitrios"]
[Black "Timofeev, Artyom"]
[Result "1/2-1/2"]
[ECO "B52"]
[WhiteElo "2609"]
[BlackElo "2594"]
[Annotator "RC"]
[PlyCount "135"]
[EventDate "2021.03.29"]
[EventType "team-tourn"]
[EventCountry "NET"]
[SourceTitle "playchess.com"]
[Source "ChessBase"]
[SourceQuality "1"]
[TimeControl "900+5"]

1. e4 c5 2. Nf3 d6 3. Bb5+ Bd7 4. Bxd7+ Nxd7 5. O-O Ngf6 6. Qe2 Rc8 7. c3 e6 8. d4 cxd4 9. cxd4 Be7 10. Nc3 Nb6 11. Bg5 O-O 12. Rac1 h6 13. Bh4 a6 14. Rc2 d5 15. e5 Nfd7 16. Bxe7 Qxe7 17. Rfc1 Rc6 18. Nd1 Rxc2 19. Rxc2 Rc8 20. Rxc8+ Nxc8 21. Qc2 Qd8 22. Ne3 Ne7 23. Qc3 Nc6 24. g3 Qa5 25. Qxa5 Nxa5 26. Kf1 Nc4 27. Nd1 f6 28. b3 Na3 29. exf6 gxf6 30. Ke2 Kf7 31. Nc3 Nc2 32. Kd2 Nb4 33. Ne1 Ke7 34. Ng2 Kd6 35. Ne3 Nc6 36. Kd3 Nb4+ 37. Kd2 Nc6 38. Ne2 Ne7 39. h4 e5 40. h5 f5 41. dxe5+ Kxe5 42. f3 b5 43. Nf4 d4 44. Nd3+ Kf6 45. Nc2 Nc6 46. Ndb4 Nxb4 47. Nxb4 Nc5 48. Nc6 d3 49. b4 Ne6 50. Kxd3 Ng7 51. g4 fxg4 52. fxg4 Kg5 53. Ne5 Ne8 54. Kd4 Kf4 55. Nf7 Kxg4 56. Nxh6+ Kxh5 57. Nf7 Kg6 58. Nd8 Kf6 59. Kc5 Ke7 60. Nc6+ Ke6 61. Kb6 Kd5 62. Nb8 Kc4 63. Nxa6 Nf6 64. Ka5 Nd5 65. a3 Kb3 66. Kxb5 Kxa3 67. Kc5 Nxb4 68. Nxb4 1/2-1/2

[Event "EOC-ch Playoff-A 2021"]
[Site "Online"]
[Date "2021.03.29"]
[Round "3.8"]
[White "Sharafiev, Azat"]
[Black "Wieczorek, Oskar"]
[Result "1-0"]
[ECO "D03"]
[WhiteElo "2432"]
[BlackElo "2498"]
[Annotator "ChessBase"]
[PlyCount "99"]
[EventDate "2021.03.29"]
[EventType "team-tourn"]
[EventCountry "NET"]
[SourceTitle "playchess.com"]
[Source "ChessBase"]
[SourceQuality "1"]
[TimeControl "900+5"]

1. d4 Nf6 2. Nf3 g6 3. Bg5 Bg7 4. Nbd2 d5 5. e3 O-O 6. Bd3 c5 7. c3 Qb6 8. Qb1 Nc6 9. O-O e5 10. Nxe5 Nxe5 11. dxe5 Ng4 12. Nf3 Nxe5 13. Nxe5 Bxe5 14. Qc2 Bg7 15. Rad1 Be6 16. Rd2 Qc6 17. Be2 d4 18. cxd4 cxd4 19. Qxc6 bxc6 20. b3 h6 21. Bf4 g5 22. Bd6 dxe3 23. fxe3 Rfd8 24. Bf3 Rac8 25. Rfd1 a5 26. Bc5 Rxd2 27. Rxd2 Bf8 28. Rc2 Bf5 29. Rc1 g4 30. Be2 Be6 31. Bxf8 Kxf8 32. Rc5 Rd8 33. Rxa5 Rd2 34. Kf1 Ke7 35. Ke1 Rb2 36. e4 Kd6 37. g3 c5 38. Kf1 Ke5 39. Rxc5+ Kxe4 40. a4 Rxb3 41. a5 Ra3 42. a6 Ke3 43. Re5+ Kd4 44. Rb5 Ra1+ 45. Kf2 Ra2 46. Rb4+ Kc5 47. Rf4 f5 48. Ke3 Ra3+ 49. Bd3 Bc8 50. Rc4+ 1-0

[Event "EOC-ch Playoff-A 2021"]
[Site "Online"]
[Date "2021.03.29"]
[Round "3.11"]
[White "Wagner, Dennis"]
[Black "Steinberg, Nitzan"]
[Result "1-0"]
[ECO "B52"]
[WhiteElo "2581"]
[BlackElo "2553"]
[Annotator "ChessBase"]
[PlyCount "95"]
[EventDate "2021.03.29"]
[EventType "team-tourn"]
[EventCountry "NET"]
[SourceTitle "playchess.com"]
[Source "ChessBase"]
[SourceQuality "1"]
[TimeControl "900+5"]

1. e4 c5 2. Nf3 d6 3. Bb5+ Bd7 4. c4 g6 5. d4 cxd4 6. Nxd4 Nf6 7. Nc3 Bg7 8. Be3 O-O 9. Bxd7 Nbxd7 10. O-O a6 11. Rc1 Rc8 12. b3 Qa5 13. Qe2 e6 14. Bd2 Rfe8 15. Rfd1 Qe5 16. Nf3 Qh5 17. h3 Ne5 18. Nxe5 Qxe2 19. Nxe2 dxe5 20. f3 Bf8 21. b4 Rc7 22. Bc3 Nd7 23. Rd3 f6 24. c5 b6 25. Rcd1 Re7 26. Rd6 bxc5 27. Rxa6 Rb7 28. bxc5 Nxc5 29. Ra8 Kf7 30. a4 Ra7 31. Rdd8 Bh6 32. a5 Be3+ 33. Kh2 Reb7 34. h4 Na6 35. Rf8+ Kg7 36. Rg8+ Kh6 37. Raf8 Rf7 38. Rxf7 Rxf7 39. g4 Ra7 40. Kg3 Nc5 41. g5+ fxg5 42. Bxe5 Rxa5 43. Kg4 Ra7 44. Bd6 Nd7 45. hxg5+ Bxg5 46. Kh3 Nf6 47. Bf8+ Kh5 48. Ng3# 1-0

[Event "EOC-ch Playoff-A 2021"]
[Site "Online"]
[Date "2021.03.29"]
[Round "3.12"]
[White "Huzman, Alexander"]
[Black "Buhmann, Rainer"]
[Result "1/2-1/2"]
[ECO "E08"]
[WhiteElo "2561"]
[BlackElo "2580"]
[Annotator "ChessBase"]
[PlyCount "119"]
[EventDate "2021.03.29"]
[EventType "team-tourn"]
[EventCountry "NET"]
[SourceTitle "playchess.com"]
[Source "ChessBase"]
[SourceQuality "1"]
[TimeControl "900+5"]

1. Nf3 d5 2. g3 e6 3. Bg2 Nf6 4. O-O Be7 5. d4 O-O 6. c4 c6 7. Qc2 b6 8. Rd1 Nbd7 9. b3 Re8 10. a4 a5 11. Bb2 h6 12. Nc3 Ba6 13. Nd2 Qc7 14. Rac1 Rac8 15. Qb1 Qb8 16. e4 dxc4 17. Nxc4 Bxc4 18. bxc4 e5 19. Ne2 Bf8 20. h3 exd4 21. Nxd4 Nc5 22. e5 Qxe5 23. Nxc6 Qg5 24. h4 Qg6 25. Qxg6 fxg6 26. Ne5 Kh7 27. Ra1 Rc7 28. Bf3 Nce4 29. Kg2 Bd6 30. Bxe4 Nxe4 31. f4 Ree7 32. Rac1 Rc8 33. Kf3 Bxe5 34. Bxe5 Nc5 35. Bd6 Rf7 36. Bxc5 Rxc5 37. Rd5 Rc6 38. c5 Rf5 39. Ke4 bxc5 40. Rxf5 gxf5+ 41. Kd5 Rb6 42. Rxc5 Rb3 43. Rxa5 Rxg3 44. Rb5 Kg6 45. Kc6 Ra3 46. a5 Kh5 47. Rxf5+ Kxh4 48. Kb6 g5 49. a6 g4 50. Rf8 g3 51. Rg8 Rb3+ 52. Kc6 Ra3 53. Kb5 Rb3+ 54. Ka4 Rb1 55. f5 Ra1+ 56. Kb5 Rb1+ 57. Kc5 Ra1 58. Kb5 Rb1+ 59. Kc5 Ra1 60. Kb5 1/2-1/2

[Event "EOC-ch Playoff-A 2021"]
[Site "Online"]
[Date "2021.03.29"]
[Round "4.7"]
[White "Timofeev, Artyom"]
[Black "Wagner, Dennis"]
[Result "1-0"]
[ECO "D83"]
[WhiteElo "2594"]
[BlackElo "2581"]
[Annotator "ChessBase"]
[PlyCount "111"]
[EventDate "2021.03.29"]
[EventType "team-tourn"]
[EventCountry "NET"]
[SourceTitle "playchess.com"]
[Source "ChessBase"]
[SourceQuality "1"]
[TimeControl "900+5"]

1. d4 Nf6 2. c4 g6 3. Nc3 d5 4. Bf4 Bg7 5. e3 O-O 6. Rc1 c5 7. dxc5 Qa5 8. cxd5 Nbd7 9. a3 Ne4 10. b4 Nxc3 11. bxa5 Nxd1 12. Kxd1 Nf6 13. Be5 Nxd5 14. Bxg7 Kxg7 15. Bc4 Be6 16. Nf3 Rac8 17. Bxd5 Bxd5 18. Ke2 Rc7 19. Rhd1 Bxf3+ 20. Kxf3 Rfc8 21. Rb1 e6 22. g4 a6 23. c6 Rxc6 24. Rxb7 Rc5 25. Rdd7 Rf8 26. Rd6 Rxa5 27. Rxe6 Rxa3 28. Ra7 a5 29. Rea6 Rb8 30. Rxa5 Rxa5 31. Rxa5 Rb7 32. h4 Rb2 33. Kg3 Rc2 34. f3 Rc3 35. Kf4 Rc4+ 36. e4 Rc3 37. h5 Rb3 38. Ra7 Rb1 39. h6+ Kf6 40. g5+ Ke6 41. Ra6+ Ke7 42. Ra8 f6 43. Ra7+ Ke6 44. Ra6+ Ke7 45. Rxf6 Ra1 46. Rb6 Ra7 47. Rb8 Kf7 48. Rh8 Ke6 49. Rg8 Rf7+ 50. Kg4 Ra7 51. Rg7 Rxg7 52. hxg7 Kf7 53. Kf4 Kxg7 54. Ke5 h5 55. gxh6+ Kxh6 56. Kf6 1-0

[Event "EOC-ch Playoff-A 2021"]
[Site "Online"]
[Date "2021.03.29"]
[Round "4.8"]
[White "Buhmann, Rainer"]
[Black "Sharafiev, Azat"]
[Result "1-0"]
[ECO "E61"]
[WhiteElo "2580"]
[BlackElo "2432"]
[Annotator "ChessBase"]
[PlyCount "77"]
[EventDate "2021.03.29"]
[EventType "team-tourn"]
[EventCountry "NET"]
[SourceTitle "playchess.com"]
[Source "ChessBase"]
[SourceQuality "1"]
[TimeControl "900+5"]

1. d4 Nf6 2. Nf3 g6 3. c4 Bg7 4. e3 O-O 5. Be2 c5 6. d5 e6 7. Nc3 d6 8. O-O exd5 9. cxd5 Bg4 10. h3 Bxf3 11. Bxf3 Re8 12. Bd2 Nbd7 13. a4 a6 14. Rb1 Rb8 15. Qc2 Qc7 16. Rfc1 b5 17. axb5 axb5 18. b4 c4 19. Ra1 Ne5 20. Be2 g5 21. Qf5 h6 22. Ra5 Rb6 23. Nxb5 Qb7 24. Na3 Rxb4 25. Bxb4 Qxb4 26. Ra7 c3 27. Nb5 Nxd5 28. Nc7 Qb6 29. Nxe8 Qxa7 30. Nxg7 Kxg7 31. Qc2 Qd7 32. Qe4 Qe6 33. Qd4 Kg8 34. Ra1 f6 35. Bc4 Nxc4 36. Qxc4 Qe5 37. Rd1 Kg7 38. Rxd5 c2 39. Rxe5 1-0

[Event "EOC-ch Playoff-A 2021"]
[Site "Online"]
[Date "2021.03.29"]
[Round "4.12"]
[White "Wieczorek, Oskar"]
[Black "Hamdouchi, Hicham"]
[Result "0-1"]
[ECO "B30"]
[WhiteElo "2498"]
[BlackElo "2561"]
[Annotator "ChessBase"]
[PlyCount "106"]
[EventDate "2021.03.29"]
[EventType "team-tourn"]
[EventCountry "NET"]
[SourceTitle "playchess.com"]
[Source "ChessBase"]
[SourceQuality "1"]
[TimeControl "900+5"]

1. e4 c5 2. Nf3 Nc6 3. b4 cxb4 4. d4 g6 5. d5 Bg7 6. c3 Ne5 7. Nd4 d6 8. Qa4+ Nd7 9. Qxb4 Ngf6 10. f3 O-O 11. Be2 Nc5 12. O-O Nfd7 13. Be3 Ne5 14. Nd2 f5 15. exf5 gxf5 16. f4 Ned7 17. Bf3 Nb6 18. N2b3 Ne4 19. Bxe4 fxe4 20. f5 Nxd5 21. Qc4 e6 22. Rae1 Nxe3 23. Rxe3 d5 24. Qe2 exf5 25. Rf4 Qd6 26. Qf2 Bd7 27. Nxf5 Bxf5 28. Rxf5 Rxf5 29. Qxf5 Rf8 30. Qh5 Qf4 31. Qe2 Bh6 32. Rg3+ Kh8 33. Rh3 Bg7 34. Rg3 Be5 35. a4 b6 36. a5 bxa5 37. Rh3 Qf6 38. g4 Qb6+ 39. Qe3 Qxb3 40. g5 Qb6 41. Qxb6 axb6 42. g6 Kg7 43. gxh7 Rh8 44. Rh5 Kf6 45. Kf2 a4 46. Rh6+ Ke7 47. Rxb6 Bxc3 48. Rb7+ Kd6 49. Ke3 a3 50. Ra7 Bb2 51. Kf4 Kc5 52. Kf5 Kb6 53. Ra4 Rxh7 0-1

[Event "EOC-ch Playoff-A 2021"]
[Site "Online"]
[Date "2021.03.29"]
[Round "5.2"]
[White "Engel, Luis"]
[Black "Gumularz, Szymon"]
[Result "1-0"]
[ECO "C77"]
[WhiteElo "2553"]
[BlackElo "2517"]
[Annotator "ChessBase"]
[PlyCount "97"]
[EventDate "2021.03.29"]
[EventType "team-tourn"]
[EventCountry "NET"]
[SourceTitle "playchess.com"]
[Source "ChessBase"]
[SourceQuality "1"]
[TimeControl "900+5"]

1. e4 e5 2. Nf3 Nc6 3. Bb5 a6 4. Ba4 Nf6 5. d3 d6 6. c3 g6 7. O-O Bg7 8. Re1 O-O 9. Nbd2 h6 10. Nf1 Re8 11. h3 b5 12. Bc2 a5 13. d4 a4 14. d5 Na5 15. b3 axb3 16. axb3 Bd7 17. Ne3 c6 18. Ba3 Nb7 19. b4 Qc7 20. Qd2 cxd5 21. Nxd5 Nxd5 22. Qxd5 Be6 23. Qd2 Rad8 24. Bb2 d5 25. Qe2 Nd6 26. exd5 Bxd5 27. Rad1 Qc6 28. h4 e4 29. Nd4 Qb7 30. h5 g5 31. Qg4 Re5 32. f4 f5 33. Qg3 gxf4 34. Qxf4 Bc4 35. Bc1 Qf7 36. Qg3 Qxh5 37. Bf4 Rd5 38. Ne6 Ne8 39. Nxd8 Kh7 40. Rxd5 Bxd5 41. Bd1 Qg6 42. Qxg6+ Kxg6 43. Be2 Bxc3 44. Rd1 Nf6 45. Bxb5 Bxb4 46. Nc6 Bc5+ 47. Kh1 e3 48. Ne5+ Kh5 49. Be2+ 1-0